 Dungeon Crawl Stone Soup version 0.28.0-53-g5a82cb258f (webtiles) character file.

Game seed: 14412606470078588211

71 Peloso the Shield-Bearer (level 4, -3/41 HPs)
             Began as a Minotaur Fighter on July 6, 2022.
             Slain by a gnoll
             ... wielding a +0 spear
              (4 damage)
             ... on level 2 of the Dungeon.
             The game lasted 00:01:17 (1072 turns).

Peloso the Shield-Bearer (Minotaur Fighter)         Turns: 1072, Time: 00:01:17

Health: -3/41      AC:  7    Str: 21    XL:     4   Next: 5%
Magic:  3/3        EV:  9    Int:  5    God:
Gold:   59         SH:  4    Dex: 11    Spells: 3/3 levels left

rFire   . . .      SeeInvis .   a - +0 long sword
rCold   . . .      Faith    .   c - +0 buckler
rNeg    . . .      Spirit   .   b - +0 scale mail
rPois   .          Reflect  .   (helmet restricted)
rElec   .          Harm     .   (no cloak)
rCorr   .          Rampage  .   (no gloves)
Will    .....                   (no boots)
Stlth   ..........              (no amulet)
HPRegen 0.13/turn               (no ring)
MPRegen 0.08/turn               (no ring)

@: no status effects
A: horns 2, retaliatory headbutt
a: no special abilities


You were on level 2 of the Dungeon.
You visited 1 branch of the dungeon, and saw 2 of its levels.

You collected 59 gold pieces.

Inventory:

Hand Weapons
 a - a +0 long sword (weapon)
Armour
 b - a +0 scale mail (worn)
 c - a +0 buckler (worn)
Scrolls
 f - a scroll of teleportation {unknown}
 g - a scroll of identify {unknown}
 h - a scroll of summoning {unknown}
Potions
 d - a potion of might


   Skills:
 + Level 4.3 Fighting
 + Level 3.1 Long Blades
 + Level 4.3 Armour
 + Level 0.2 Dodging
 + Level 4.3 Shields


You had 3 spell levels left.
You didn't know any spells.
Your spell library was empty.

Dungeon Overview and Level Annotations

Branches:
Dungeon (2/15)

Altars:

Shops:
D:2 (


Innate Abilities, Weirdness & Mutations

You have a pair of horns on your head.
You reflexively headbutt those who attack you in melee.


Message History

You kill the endoplasm!
You barely miss the gnoll.
The gnoll is almost dead.
The gnoll closely misses you.
You slash the gnoll!
You kill the gnoll!
You hit the gnoll.
The gnoll is heavily wounded.
The gnoll hits you with a +0 club. You block the gnoll's attack.
You barely miss the gnoll. Your headbutt misses the gnoll.
The gnoll is heavily wounded.
You block the gnoll's attack. The gnoll closely misses you.
You block the gnoll's attack.
You hit the gnoll. Your headbutt misses the gnoll.
The gnoll is heavily wounded.
The gnoll barely misses you. The gnoll closely misses you. x2
You barely miss the gnoll.
You headbutt the gnoll, but do no damage.
The gnoll is heavily wounded.
The gnoll barely misses you. x2
You hit the gnoll. You headbutt the gnoll.
You kill the gnoll!
You block the gnoll's attack.
Your Long Blades skill increases to level 3!
You have reached level 4!
You feel stronger. The gnoll hits you with a +0 spear.
Items here: ))) ††.
You closely miss the gnoll. The gnoll hits you with a +0 spear.
* * * LOW HITPOINT WARNING * * *
The gnoll barely misses you.
You closely miss the gnoll. Your headbutt misses the gnoll.
The gnoll hits you with a +0 spear.
* * * LOW HITPOINT WARNING * * *
You barely miss the gnoll. You block the gnoll's attack.
You barely miss the gnoll. The gnoll barely misses you.
You closely miss the gnoll. The gnoll hits you with a +0 spear.
* * * LOW HITPOINT WARNING * * *
The gnoll hits you with a +0 spear.
You die...

####.#########
.......###.# ###
######....## #.. #
#####.###.# #
##.#.# #
####.#####
#########........#
.......##.##(###.#
######.##.##g###@#
#....††##g####.#
#∩..#...g.....!..#
###......##.######
#...#.###.#
...#.... ...
###...### ..##
##.# ..# #. ...#


You could see a gnoll.

Vanquished Creatures
  4 gnolls
  A dart slug (D:1)
  3 ball pythons (D:1)
  3 endoplasms
  3 giant cockroaches (D:1)
  A goblin (D:1)
  7 hobgoblins
  A jackal (D:1)
  A kobold (D:1)
  A quokka (D:1)
  2 bats
  A rat (D:1)
28 creatures vanquished.

Notes
Turn   | Place    | Note
-------+----------+-------------------------------------------
     0 | D:1      | Peloso the Minotaur Fighter began the quest for the Orb.
     0 | D:1      | Reached XP level 1. HP: 19/19 MP: 0/0
   221 | D:1      | Reached XP level 2. HP: 27/27 MP: 1/1
   543 | D:1      | Reached XP level 3. HP: 33/33 MP: 2/2
   768 | D:1      | Found a faded altar of an unknown god.
  1046 | D:2      | Found Daeppy's Antique Weapon Boutique.
  1067 | D:2      | Reached XP level 4. HP: 17/41 MP: 3/3
  1072 | D:2      | HP: 1/41 [gnoll/+0 spear (5)]
  1072 | D:2      | Slain by a gnoll

Illustrated notes

Levels and vault maps discovered:
D:1:      lightli_arrival_chessboard, layout_loops_corners,
          dilly_ecumenical_altar_fadedgnrine, minmay_pentomino_t2
D:2:      kennysheep_the_goblin_king, layout_loops_ring, serial_shops, shop,
          minmay_crystal_room

Skill      XL: |  1  2  3 |
---------------+----------+-----
Armour         | 4 |  4.3
Shields        | 4 |  4.3
Fighting       | 4 |  4.3
Long Blades    | 3 |  3.1
Dodging        | |  0.2

Action                   |  1- 3 |  4- 6 || total
-------------------------+-------+-------++-------
Melee: Long sword        |    62 |     5 ||    67
       Headbutt          |    11 |       ||    11
  Use: Scroll            |     1 |       ||     1
Armor: Scale mail        |    36 |       ||    36
Dodge: Dodged            |    32 |     2 ||    34
Block: Buckler           |    17 |     1 ||    18
